AoeStats
← AxingQuestions

MegaRandom

508989668Analyzed
4v4 RM · 6d ago on Sep 25, 2026· 55m 58s· 8 players
Game mode
Random Map
Map size
Large (8 player)
Population
200
Speed
Normal
Resources
Standard
Victory
Conquest
Starting age
Dark Age
Ending age
Imperial Age
RankedLock teamsTeams togetherTeam positionsShared explorationLock speedFull tech treeHidden civsTurbo modeCheats
Victory
Defeat
1228
+16
🇨🇱 Persians · Chile
1203
+17
🇨🇱 Hindustanis · Chile
1197
+17
🇨🇱 Italians · Chile
1182
+17
🇲🇽 Franks · Mexico
1275
-19
🇲🇽 Hindustanis · Mexico
1225
-17
🇺🇸 Vikings · United States
1215
-17
🇨🇦 Danes · Canada
1150
-14
AxingQuestions
0:34 Loom
11:09 Feudal Age
15:55 Castle Age
15:23 Double-Bit Axe
15:49 Horse Collar
17:13 Squires
17:54 Bow Saw
18:05 Forging
22:43 Scale Mail Armor
22:55 Scale Barding Armor
25:17 Heavy Plow
26:44 Scale Mail Armor
27:43 Squires
29:04 Pikeman
31:01 Town Watch
32:39 Chain Mail Armor
33:44 Squires
37:24 Gold Mining
40:14 Fletching
41:18 Bodkin Arrow
45:01 Iron Casting
47:04 Elite Skirmisher
49:00 Padded Archer Armor
50:02 Leather Archer Armor
57:44 Imperial Age
ZEKAR8291
0:38 Loom
9:15 Feudal Age
10:53 Double-Bit Axe
13:41 Scale Barding Armor
16:01 Bloodlines
16:07 Horse Collar
21:23 Wheelbarrow
24:04 Castle Age
23:23 Gold Mining
24:02 Town Watch
25:07 Hand Cart
24:54 Husbandry
25:19 Bow Saw
26:38 Chain Barding Armor
29:10 Forging
33:08 Gold Shaft Mining
35:06 Fletching
35:17 Padded Archer Armor
38:17 Imperial Age
36:32 Thumb Ring
36:26 Bodkin Arrow
36:46 Leather Archer Armor
38:14 Ballistics
38:08 Stone Mining
38:25 Heavy Mounted Crossbowman
38:36 Cranequins
39:35 Heavy Plow
40:13 Stone Shaft Mining
39:57 Bracer
40:27 Ring Archer Armor
42:36 Chemistry
48:36 Squires
48:21 Arson
48:22 Gambesons
48:46 Siege Engineers
49:54 Scale Mail Armor
49:54 Elite Skirmisher
50:35 Pikeman
51:55 Halberdier
53:36 Chain Mail Armor
53:56 Iron Casting
54:57 Conscription
55:31 Plate Mail Armor
aaaaaaa
0:37 Loom
13:40 Feudal Age
20:10 Castle Age
24:50 Wheelbarrow
25:47 Hand Cart
29:25 Scale Mail Armor
29:35 Forging
31:00 Chain Mail Armor
30:07 Pikeman
30:33 Gambesons
30:48 Squires
30:35 Arson
30:54 Double-Bit Axe
32:26 Iron Casting
TíoHo Tlaltecuhtli
0:35 Loom
11:58 Feudal Age
14:20 Double-Bit Axe
18:09 Castle Age
17:03 Scale Barding Armor
17:47 Forging
18:39 Bloodlines
21:38 Husbandry
25:37 Horse Collar
27:19 Wheelbarrow
28:57 Gold Mining
28:57 Stone Mining
35:49 Imperial Age
37:08 Hand Cart
37:21 Heavy Camel Rider
38:56 Iron Casting
41:37 Chain Barding Armor
41:37 Town Watch
43:42 Blast Furnace
43:14 Bow Saw
47:46 Squires
49:33 Two-Man Saw
50:26 Plate Barding Armor
50:29 Pikeman
51:26 Scale Mail Armor
52:48 Heavy Plow
53:39 Conscription
53:22 Imperial Camel Rider
55:01 Chain Mail Armor
56:03 Squires
55:48 Arson
[AI] Mattmax666
0:34 Loom
10:46 Feudal Age
11:54 Double-Bit Axe
14:01 Horse Collar
21:08 Castle Age
19:06 Gold Mining
20:18 Wheelbarrow
21:08 Bloodlines
21:54 Scale Barding Armor
22:00 Forging
26:50 Heavy Plow
27:07 Bow Saw
27:47 Heavy Plow
30:44 Fletching
34:25 Husbandry
35:08 Gold Shaft Mining
35:02 Chain Barding Armor
38:01 Iron Casting
41:34 Hand Cart
52:01 Town Watch
[HK2] Yautja_SS
0:32 Loom
9:38 Feudal Age
10:11 Double-Bit Axe
12:03 Horse Collar
17:54 Wheelbarrow
20:44 Castle Age
19:49 Gold Mining
20:06 Scale Barding Armor
20:16 Bloodlines
21:50 Bow Saw
22:23 Chain Barding Armor
23:04 Husbandry
24:48 Forging
29:47 Iron Casting
30:25 Hand Cart
37:25 Imperial Age
35:56 Heavy Plow
37:26 Heavy Camel Rider
38:43 Plate Barding Armor
40:58 Chemistry
41:18 Gold Shaft Mining
40:36 Imperial Camel Rider
43:26 Blast Furnace
44:07 Conscription
[HK2] Shin - El Macaulay Culkin
0:34 Loom
12:34 Feudal Age
13:55 Double-Bit Axe
16:39 Fletching
20:20 Padded Archer Armor
22:59 Castle Age
26:10 Horse Collar
26:23 Crossbowman
27:16 Bodkin Arrow
28:19 Town Watch
31:15 Ballistics
32:02 Leather Archer Armor
35:33 Town Patrol
36:09 Wheelbarrow
41:20 Imperial Age
40:46 Thumb Ring
41:33 Arbalester
43:38 Bow Saw
43:32 Bracer
45:02 Conscription
45:19 Ring Archer Armor
47:18 Chemistry
47:13 Hand Cart
48:56 Heavy Plow
49:04 Siege Engineers
53:07 Forging
52:58 Scale Mail Armor
54:44 Iron Casting
57:22 Two-Man Saw
[HK2] CroWent
0:36 Loom
11:28 Feudal Age
19:14 Castle Age
18:29 Fletching
22:52 Crossbowman
23:37 Bodkin Arrow
28:13 Wheelbarrow
28:25 Padded Archer Armor
30:41 Leather Archer Armor
33:23 Gold Mining
33:23 Stone Mining
37:13 Hand Cart
39:39 Double-Bit Axe
40:48 Horse Collar
46:28 Bow Saw
52:11 Imperial Age
57:06 Imperial Age
Connection lost

Rejoining the realm…

Still unreachable

The connection could not be restored.

Session expired

The server has moved on; the page needs a fresh start.